 Dungeon Crawl Stone Soup version 0.17-a0-2171-ga91b4ec (webtiles) character file.

672 M4edhros the Sneak (level 7, 0/43 HPs)
             Began as an Octopode Artificer on Oct 25, 2015.
             Shot with an arrow of frost by a centaur (12 damage)
             ... on level 5 of the Dungeon.
             The game lasted 00:05:13 (2051 turns).

M4edhros the Sneak (Octopode Artificer)             Turns: 2051, Time: 00:05:13

Health: 0/43       AC:  1    Str: 10    XL:     7   Next: 58%
Magic:  0/10       EV: 13    Int: 15    God:
Gold:   122        SH:  0    Dex: 14    Spells: 0 memorised, 6 levels left

rFire  . . .     SeeInvis .     r - +2 dagger (elec)
rCold  . . .     Clarity  .     (no shield)
rNeg   . . .     SustAt   +     (helmet restricted)
rPois  +         Gourm    .     m - amulet of guardian spirit
rElec  .         Spirit   +     u - ring of sustain attributes
rCorr  .         Warding  .     l - ring of poison resistance
rMut   .         Stasis   .     (no ring)
MR     .....                    (no ring)
Stlth  +++++.....               (no ring)
                                (no ring)
                                (no ring)
                                (no ring)

@: not resistant to hostile enchantments, quite stealthy
A: almost no armour, amphibious, 8 rings, constrict 8, camouflage 1, gelatinous
body 1
a: no special abilities


You were on level 5 of the Dungeon.
You were not hungry.

You visited 1 branch of the dungeon, and saw 5 of its levels.
You also visited: Ossuary.

You collected 122 gold pieces.

Inventory:

Hand Weapons
 a - a +0 short sword
 r - a +2 dagger of electrocution (weapon)
 s - a +0 hunting sling
Missiles
 t - 45 stones (quivered)
Jewellery
 l - a ring of poison resistance (right tentacle)
 m - an amulet of guardian spirit (around mantle)
 u - a ring of sustain attributes (left tentacle)
Wands
 b - a wand of flame (13)
 c - a wand of enslavement (5)
 d - a wand of random effects (12)
 o - a wand of frost (25)
 v - a wand of magic darts (27)
 x - a wand of frost (20)
 A - a wand of digging (11)
 B - a wand of random effects (20)
Scrolls
 f - a scroll of blinking {unknown}
 g - 4 scrolls of remove curse {unknown}
 i - a scroll of noise {unknown}
 k - 3 scrolls of identify {unknown}
 y - a scroll of amnesia {unknown}
Potions
 j - 2 potions of agility
 p - a potion of curing {unknown}
 q - a potion of degeneration {unknown}
 w - 2 potions of brilliance
 z - a potion of berserk rage {unknown}
Comestibles
 e - 2 bread rations
 h - a royal jelly
 n - a meat ration


   Skills:
 - Level 1.0 Fighting
 + Level 3.4 Short Blades
 + Level 3.6 Dodging
 * Level 7.6 Stealth
 + Level 5.3 Evocations


You had 6 spell levels left.
You didn't know any spells.

Dungeon Overview and Level Annotations

Branches:
Dungeon (5/15)
 Temple: D:4-7

Altars:

Annotations:
D:2 Sigmund


Innate Abilities, Weirdness & Mutations

You cannot wear most types of armour.
You are amphibious.
You can wear up to eight rings at the same time.
You can use your tentacles to constrict eight enemies at once.
Your skin changes colour to match your surroundings (Stealth).
Your rubbery body absorbs attacks (AC +1).


Message History

You see here an arrow of frost.
The centaur shoots an arrow of frost.
The arrow of frost hits you! The arrow of frost freezes you.
You see here an arrow of frost.
Evoke which item? (* to show all) (? for menu, Esc to quit)
Zapping:
d - a wand of random effects (13)
Press: ? - help, Shift-Dir - straight line, f - centaur
Aim: a centaur, wielding a shortbow The puff of frost misses the centaur.
This wand has 12 charges left.
The centaur shoots an arrow of frost.
The arrow of frost hits you! The arrow of frost freezes you.
* * * LOW HITPOINT WARNING * * *
Evoke which item? (* to show all) (? for menu, Esc to quit)
Zapping:
c - a wand of enslavement (6)
Press: ? - help, Shift-Dir - straight line, f/p - centaur
Aim: a centaur, wielding a shortbow (chance to defeat MR: 57%)
The centaur resists with significant effort.
This wand has 5 charges left.
The centaur shoots an arrow of frost.
The arrow of frost hits you!
You die...

# #.
#.##########
#.........<#
###.########
#.# #(# #@#
#.# <.# #..#
#c.. ...#
##$# #.#


You could see a centaur.

Vanquished Creatures
  2 wraiths (Ossuary)
  5 wights (Ossuary)
  A crimson imp (D:4)
  A centaur skeleton (D:4)
  An orc wizard (D:3)
  A hound (D:4)
  A mummy (D:4)
  2 gnolls (D:3)
  2 adders
  An adder zombie (Ossuary)
  2 worms
  4 orcs
  2 ball pythons (D:4)
  5 goblins
  6 hobgoblins
  7 kobolds
  A quokka (D:2)
  2 ball python skeletons (Ossuary)
  3 bats
  4 hobgoblin zombies
  4 jackals (D:2)
  A kobold zombie (Ossuary)
  An orc skeleton (Ossuary)
  4 rats
63 creatures vanquished.

Vanquished Creatures (collateral kills)
  2 gnolls (D:3)
  A giant gecko (D:3)
  A giant cockroach (D:3)
4 creatures vanquished.

Grand Total: 67 creatures vanquished

Notes
Turn   | Place    | Note
--------------------------------------------------------------
     0 | D:1      | M4edhros the Octopode Artificer began the quest for the Orb.
     0 | D:1      | Reached XP level 1. HP: 13/13 MP: 3/3
   390 | D:1      | Reached XP level 2. HP: 18/18 MP: 4/4
   871 | D:2      | Reached XP level 3. HP: 14/23 MP: 3/5
   937 | D:2      | Reached skill level 4 in Evocations
  1043 | D:2      | Noticed Sigmund
  1047 | D:2      | Noticed Sigmund
  1047 | D:2      | Sigmund changed into Sigmund the wolf
  1153 | D:3      | Reached XP level 4. HP: 8/28 MP: 3/7
  1553 | D:4      | Reached XP level 5. HP: 18/33 MP: 6/8
  1599 | D:4      | Reached skill level 5 in Stealth
  1621 | D:4      | Found a sand-covered staircase.
  1689 | Ossuary  | Entered an ossuary
  1743 | Ossuary  | Reached XP level 6. HP: 31/38 MP: 7/9
  1784 | Ossuary  | Noticed a flying skull
  1784 | Ossuary  | Noticed a wraith
  1793 | Ossuary  | Noticed a flying skull
  1822 | Ossuary  | Noticed a wraith
  1824 | Ossuary  | Killed a wraith
  1824 | Ossuary  | Reached skill level 6 in Stealth
  1824 | Ossuary  | Reached skill level 5 in Evocations
  1835 | Ossuary  | Noticed a flying skull
  1843 | Ossuary  | Reached XP level 7. HP: 35/43 MP: 8/10
  1846 | Ossuary  | Noticed a flying skull
  1914 | Ossuary  | Noticed a flying skull
  1917 | Ossuary  | Noticed a wraith
  1918 | Ossuary  | Killed a wraith
  1918 | Ossuary  | Reached skill level 7 in Stealth
  2039 | D:5      | Entered Level 5 of the Dungeon
  2051 | D:5      | Shot with an arrow of frost by a centaur

Vault maps used:
D:1:      dpeg_arrival_refuge
D:2:      uniq_sigmund
D:3:      minmay_liquid_box
D:4:      nicolae_ossuary_entry_giza, serial_curves, eino_curves_03,
          eino_curves_04, bh_walls_and_bars
D:5:      grunt_temple_overflow_diamond, serial_shops, shop, first_bread,
          minmay_splitting_lines, minmay_misc_feat_square
Ossuary:  ossuary_due_cavern

Action                   |  1- 3 |  4- 6 |  7- 9 || total
-------------------------+-------+-------+-------++-------
Melee: Short sword       |    35 |       |       ||    35
       Dagger            |    32 |    47 |    12 ||    91
Evoke: Wand              |     4 |     9 |     2 ||    15
  Use: Potion            |     1 |     6 |       ||     7
 Stab: Sleeping          |     8 |    10 |     2 ||    20
  Eat: Chunk             |       |     1 |       ||     1
       Meat ration       |       |     1 |       ||     1
